 Dungeon Crawl Stone Soup version 0.21.1-1-g345015f (webtiles) character file.

7 Monsterracer the Vexing (level 1, -1/7 HPs)
             Began as a Felid Enchanter on Feb 10, 2018.
             Slain by a kobold
             ... wielding a +0 whip
              (2 damage)
             ... on level 1 of the Dungeon.
             The game lasted 00:01:15 (226 turns).

Monsterracer the Vexing (Felid Enchanter)            Turns: 226, Time: 00:01:16

Health: -1/7       AC:  1    Str:  4    XL:     1   Next: 91%
Magic:  3/4        EV: 18    Int: 16    God:
Gold:   16         SH:  0    Dex: 16    Spells: 3/4 levels left
                                        Lives:  0   Deaths: 0

rFire    . . .     SeeInvis +     - Unarmed
rCold    . . .     Gourm    .   (shield unavailable)
rNeg     . . .     Faith    .   (armour unavailable)
rPois    .         Spirit   .   (helmet unavailable)
rElec    .         Reflect  .   (cloak unavailable)
rCorr    .         Harm     .   (gloves unavailable)
MR       .....                  (boots unavailable)
Stlth    +++.......             (no amulet)
HPRegen  0.02/turn              (no ring)
MPRegen  0.09/turn              (no ring)

@: quick
A: very small, no armour, no weapons or thrown items, stealth, claws 1, fangs 3,
see invisible, carnivore, speed 1, shaggy fur 1, slow metabolism 1, sharp paws
a: no special abilities


You were on level 1 of the Dungeon.
You were completely stuffed.

You visited 1 branch of the dungeon, and saw 1 of its levels.

You collected 16 gold pieces.

Inventory:

Scrolls
 b - a scroll of remove curse {unknown}
 f - a scroll of identify {unknown}
Potions
 d - a potion of magic {unknown}
 e - a potion of brilliance {unknown}
Books
 a - a book of Maledictions

   Spells                             Type                      Level
   a - Corona                         Hexes                        1
   b - Ensorcelled Hibernation        Hexes/Ice                    2
   c - Confuse                        Hexes                        3
   d - Tukima's Dance                 Hexes                        3
   e - Dazzling Spray                 Conjuration/Hexes            3
Comestibles
 c - 2 rations


   Skills:
 + Level 2.8 Dodging
 + Level 4.2 Stealth
 * Level 1.6 Unarmed Combat
 - Level 2.0 Spellcasting
 - Level 4.4 Hexes


You had 3 spell levels left.
You knew the following spells:

 Your Spells              Type           Power        Failure   Level  Hunger
a - Corona                Hex            ###....      3%          1    #......


Dungeon Overview and Level Annotations

Branches:
Dungeon (1/15)

Altars:


Innate Abilities, Weirdness & Mutations

You cannot wear armour.
You are incapable of wielding weapons or throwing items.
Your paws allow you to move quietly. (Stealth)
You have sharp claws.
You have razor-sharp teeth.
You have supernaturally acute eyesight. (SInv)
You are carnivorous and can eat meat at any time.
You cover ground quickly.
You are covered in fur. (AC +1)
You have a slow metabolism.
Your sharp claws are effective at attacking unaware monsters.


Message History

A frilled lizard comes into view.
The frilled lizard hisses angrily.
A rat comes into view.
Found a dagger.
You scratch the frilled lizard.
You kill the frilled lizard!
You scratch the rat.
You kill the rat!
No target in view!
No target in view!
A ball python comes into view.
Found a scroll labeled ZALU DOUVAHE.
A ball python is nearby!
A ball python is nearby!
A rat and 2 kobolds come into view.
Found 12 gold pieces.
A hobgoblin comes into view.
The kobold shouts!
A hobgoblin comes into view. It is wielding a club.
The hobgoblin shouts! x2; The ball python hisses angrily.
You miss the kobold. The kobold hits you but does no damage.
Casting: Corona
Confirm with . or Enter, or press ? or * to list all spells.
Aiming: Corona
Press: ? - help, Shift-Dir - straight line, f - kobold
Aim: a kobold (chance to defeat MR: 69%)
You miscast Corona.
You are very lightly contaminated with residual magic.
Nothing appears to happen.
You now have 3/4 mp.
Casting: Corona
Confirm with . or Enter, or press ? or * to list all spells.
Aiming: Corona
Press: ? - help, Shift-Dir - straight line, f/p - kobold
Aim: a kobold (chance to defeat MR: 69%)
The kobold is outlined in light.
The kobold barely misses you.
You now have 2/4 mp.
You scratch the kobold but do no damage.
The kobold misses you.
You scratch the kobold.
You kill the kobold!
Casting: Corona
Confirm with . or Enter, or press ? or * to list all spells.
Aiming: Corona
Press: ? - help, Shift-Dir - straight line, f - kobold
Aim: a kobold, wielding a dagger (chance to defeat MR: 69%)
The kobold is outlined in light.
The kobold hits you with a dagger.
Ouch! That really hurt!
* * * LOW HITPOINT WARNING * * *
You take 4 damage, and have 3/7 hp.
MASSIVE DAMAGE!!
You now have 1/4 mp.
Casting: Corona
Confirm with . or Enter, or press ? or * to list all spells.
Aiming: Corona
Press: ? - help, Shift-Dir - straight line, f/p - kobold
Aim: a kobold, wielding a dagger (softly glowing, chance to defeat MR: 69%)
Okay, then.
You scratch the kobold but do no damage.
The kobold hits you but does no damage.
You scratch the kobold.
The kobold is moderately wounded.
The kobold barely misses you.
You scratch the kobold but do no damage.
The kobold is moderately wounded.
The kobold hits you but does no damage.
You scratch the kobold.
You kill the kobold!
Casting: Corona
Confirm with . or Enter, or press ? or * to list all spells.
Aiming: Corona
Press: ? - help, Shift-Dir - straight line, f - ball python
Aim: a ball python (chance to defeat MR: 69%)
The ball python barely resists.
The ball python barely misses you. The ball python grabs you.
* * * LOW HITPOINT WARNING * * *
The ball python constricts you. The ball python closely misses you.
* * * LOW HITPOINT WARNING * * *
The ball python constricts you.
You take 2 damage, and have 1/7 hp.
MASSIVE DAMAGE!!
You now have 0/4 mp.
You escape the ball python's grasp.
Your magical contamination has completely faded away.
There is an open door here.
You see here a hand axe.
You see here a hunting sling.
A kobold comes into view. It is wielding a whip.
The kobold misses you.
Casting: Corona
Confirm with . or Enter, or press ? or * to list all spells.
Aiming: Corona
Press: ? - help, Shift-Dir - straight line, f - kobold, p - ball python
Aim: a kobold, wielding a whip (chance to defeat MR: 69%)
The kobold is outlined in light.
The kobold misses you.
You now have 2/4 mp.
You scratch the kobold.
The kobold is heavily wounded.
The kobold hits you but does no damage.
You scratch the kobold but do no damage.
The kobold is heavily wounded.
The ball python bites you but does no damage.
The ball python misses you. The kobold hits you with a whip.
You die...

#.. #.# #.########.#
#.##.......# #.##.#
#.##.# #######.##.#
#..........#############
...............S@K......
#.#.###..)##############
#.#.# #.### #.#.# #.#
#.#)###.# #.#.....#
.....#### #.##.##
..##..#


You could see a ball python and a kobold.

Vanquished Creatures
  A giant cockroach (D:1)
  A goblin (D:1)
  A hobgoblin (D:1)
  A bat (D:1)
  A frilled lizard (D:1)
  2 kobolds (D:1)
  A rat (D:1)
8 creatures vanquished.

Notes
Turn   | Place    | Note
-------+----------+-------------------------------------------
     0 | D:1      | Monsterracer the Felid Enchanter began the quest for the Orb.
     0 | D:1      | Reached XP level 1. HP: 7/7 MP: 4/4
   177 | D:1      | HP: 3/7 [kobold/dagger (4)]
   182 | D:1      | HP: 2/7 [ball python (1)]
   226 | D:1      | Slain by a kobold

Action                   || total
-------------------------++-------
Melee: Unarmed           ||    26
       Bite              ||     1
 Cast: Corona            ||     4
 Stab: Sleeping          ||     2
  Eat: Chunk             ||     6
Armor: Skin              ||     4
Dodge: Dodged            ||    18

Vault maps used:
D:1:      lightli_arrival_farm
